 Dungeon Crawl Stone Soup version 0.17.1-1-g73c8601 (webtiles) character file.

95 abixa the Cudgeler (level 4, 0/44 HPs)
             Began as an Ogre Skald on Jan 3, 2016.
             Succumbed to an adder's poison
             ... on level 3 of the Dungeon.
             The game lasted 00:05:31 (2615 turns).

abixa the Cudgeler (Ogre Skald)                     Turns: 2615, Time: 00:05:32

Health: 0/44       AC:  3    Str: 17    XL:     4   Next: 66%
Magic:  5/7        EV:  9    Int: 12    God:
Gold:   58         SH:  0    Dex:  9    Spells: 3 memorised, 2 levels left

rFire  + . .     SeeInvis .     a - +0 mace
rCold  + . .     Clarity  .     b - +0 robe
rNeg   . . .     SustAt   .     (no shield)
rPois  +         Gourm    .     (helmet restricted)
rElec  +         Spirit   .     (no cloak)
rCorr  +         Warding  .     (gloves unavailable)
rMut   .         Stasis   .     (boots unavailable)
MR     .....                    (no amulet)
Stlth  +.........               (no ring)
                                (no ring)

@: lethally poisoned (0 -> -8), resistant, not resistant to hostile
enchantments, very unstealthy
A: unfitting armour, tough skin 1
a: no special abilities


You were on level 3 of the Dungeon.
You were not hungry.

You visited 1 branch of the dungeon, and saw 3 of its levels.

You collected 58 gold pieces.

Inventory:

Hand Weapons
 a - a +0 mace (weapon)
 m - a cursed -1 spear
Missiles
 j - 50 stones (quivered)
 s - 2 needles of sleeping
Armour
 b - a +0 robe (worn)
Scrolls
 e - a scroll of enchant weapon {unknown}
 f - a scroll of fear {unknown}
 g - 2 scrolls of remove curse {unknown}
 l - 2 scrolls of identify {unknown}
 n - a scroll of teleportation {unknown}
 q - a scroll of magic mapping {unknown}
Potions
 k - a potion of invisibility {unknown}
 o - a potion of curing {unknown}
Books
 c - a book of Battle

   Spells                             Type                      Level
   a - Infusion                       Charms                       1
   b - Shroud of Golubria             Charms/Translocation         2
   c - Song of Slaying                Charms                       2
   d - Spectral Weapon                Hexes/Charms                 3
   e - Regeneration                   Charms/Necromancy            3
Comestibles
 d - 3 bread rations
 h - a meat ration
 p - 3 chunks of flesh
 r - 2 fruits


   Skills:
 - Level 2.6 Fighting
 + Level 6.2 Maces & Flails
 - Level 1.3 Dodging
 - Level 2.4 Spellcasting
 - Level 2.1 Charms


You had 2 spell levels left.
You knew the following spells:

 Your Spells              Type           Power        Failure   Level  Hunger
a - Infusion              Chrm           #.....       12%         1    ##.....
b - Song of Slaying       Chrm           #.......     17%         2    ###....
c - Shroud of Golubria    Chrm/Tloc      #.........   28%         2    ###....


Dungeon Overview and Level Annotations

Branches:
Dungeon (3/15)

Altars:


Innate Abilities, Weirdness & Mutations

You are too large for most types of armour.
You have tough skin (AC +1).


Message History

You feel sick.
You are no longer magically infusing your attacks.
* * * LOW HITPOINT WARNING * * *
You feel sick.
* * * LOW HITPOINT WARNING * * *
You feel sick.
* * * LOW HITPOINT WARNING * * *
You feel sick.
* * * LOW HITPOINT WARNING * * *
You feel sick.
* * * LOW HITPOINT WARNING * * *
You feel sick.
* * * LOW HITPOINT WARNING * * *
You feel sick.
* * * LOW HITPOINT WARNING * * *
You feel sick.
Drink which item? (? for menu, Esc to quit)
It was a potion of resistance.
You feel protected.
You die...

#...####### #.#
#.........# #.#
#.#######>######.#
#.# #........# #.#
#.....#### #.#
#..##.# #.#
#..##.# #.#
#.###.#
#@#######.###.#
#...†.........#
###############


There were no monsters in sight!

Vanquished Creatures
  5 adders
  A worm (D:2)
  A giant gecko (D:2)
  3 giant cockroaches
  6 hobgoblins
  4 jackals
  A ball python (D:1)
  9 bats
  5 giant newts
  6 goblins
  2 kobolds (D:1)
  4 rats
  A bush (D:1)
48 creatures vanquished.

Notes
Turn   | Place    | Note
--------------------------------------------------------------
     0 | D:1      | abixa the Ogre Skald began the quest for the Orb.
     0 | D:1      | Reached XP level 1. HP: 22/22 MP: 3/3
    36 | D:1      | Reached skill level 3 in Maces & Flails
   354 | D:1      | Reached XP level 2. HP: 25/29 MP: 1/5
   657 | D:1      | Reached skill level 4 in Maces & Flails
   940 | D:1      | Reached XP level 3. HP: 36/36 MP: 6/6
  1531 | D:2      | Learned a level 2 spell: Song of Slaying
  1534 | D:2      | Learned a level 2 spell: Shroud of Golubria
  1563 | D:2      | Reached skill level 5 in Maces & Flails
  1818 | D:2      | Reached XP level 4. HP: 41/44 MP: 7/7
  2540 | D:3      | Reached skill level 6 in Maces & Flails
  2613 | D:3      | HP: 2/44 [poisoned by an adder]
  2615 | D:3      | Succumbed to an adder's poison

Action                   |  1- 3 |  4- 6 || total
-------------------------+-------+-------++-------
Melee: Mace              |   228 |    56 ||   284
Throw: Stone             |     1 |       ||     1
 Cast: Infusion          |     6 |     3 ||     9
  Use: Potion            |       |     1 ||     1
 Stab: Sleeping          |       |     1 ||     1
  Eat: Chunk             |     3 |     3 ||     6
